Map: [ESL] Data-C

Players

iGMacSed (MacSed)

  • Race: Protoss Protoss

DPGJieShi (Jieshi) - Winner!

  • Race: Protoss Protoss

Event: DreamHack SC2 Masters 2022 Atlanta (Online)

VOD

Have the link to the VOD?

Description

Time

  • Played on: Oct. 6, 2022, 8:26 a.m.
  • Length: 8:13

All games in this series

Show
View Real Time Build Order
Export as new Build Order

iGMacSed Protoss 

Build Orders:  

Get SALT Encoding   

  12  0:00  Probe  
  13  0:12  Probe  
  14  0:19  Pylon  
  14  0:24  Probe  
  15  0:37  Probe (Chrono Boost)  
  15  0:40  Gateway  
  16  0:46  Probe (Chrono Boost)  
  16  0:48  Assimilator  
  17  0:51  Probe (Chrono Boost)  
  18  1:04  Probe (Chrono Boost)  
  19  1:05  Assimilator  
  19  1:13  Probe (Chrono Boost)  
  19  1:17  Pylon  
  19  1:18  Probe (Chrono Boost)  
  21  1:29  Cybernetics Core  
  21  1:31  Probe  
  22  1:37  Pylon  
  22  1:42  Zealot  
  22  1:46  Probe  
  25  1:54  Assimilator  
  25  1:58  Probe  
  26  2:08  Warp Gate  
  26  2:09  Stalker (Chrono Boost)  
  28  2:19  Robotics Facility  
  28  2:36  Stalker (Chrono Boost)  
  30  2:40  Probe  
  31  2:51  Gateway  
  30  2:59  Gateway  
  30  3:07  Immortal (Chrono Boost)  
  34  3:16  Pylon  
  34  3:19  Sentry  
  36  3:39  Immortal (Chrono Boost)  
  40  3:44  Pylon  
  40  3:56  Stalker  
  40  3:59  Stalker  
  40  4:02  Sentry  
  46  4:11  Gateway  
  46  4:17  Observer (Chrono Boost)  
  46  4:21  Stalker  
  49  4:32  Stalker  
  49  4:37  Zealot  
  51  4:49  Sentry  
  51  5:00  Zealot x2  
  43  5:15  Adept x2  
  43  5:21  Adept x2  
  47  5:37  Adept x2  
  47  5:43  Robotics Bay  
  47  5:48  Observer  
  47  5:50  Zealot  
  47  5:56  Zealot  
  51  6:03  Zealot  
  53  6:08  Pylon  
  53  6:22  Pylon  
  51  6:30  Disruptor (Chrono Boost)  
  53  6:42  Pylon  
  53  6:48  Adept  
  55  6:54  Adept, Disruptor (Chrono Boost)  
  55  7:01  Pylon  
  60  7:04  Adept  
Show
View Real Time Build Order
Export as new Build Order

DPGJieShi Protoss - Winner!

Build Orders: 1 Gate Expand 

Get SALT Encoding   

  12  0:00  Probe  
  13  0:12  Probe  
  14  0:21  Pylon  
  14  0:24  Probe  
  15  0:39  Gateway, Probe (Chrono Boost)  
  16  0:47  Probe (Chrono Boost)  
  16  0:48  Assimilator  
  17  0:54  Probe  
  18  1:06  Probe  
  19  1:18  Probe  
  20  1:29  Cybernetics Core  
  20  1:30  Probe  
  23  1:41  Nexus  
  23  1:42  Probe  
  22  1:47  Pylon  
  22  1:54  Probe  
  23  2:02  Pylon  
  23  2:05  Warp Gate, Stalker (Chrono Boost)  
  25  2:10  Probe  
  27  2:22  Probe  
  27  2:29  Stalker  
  29  2:35  Probe  
  29  2:36  Pylon  
  30  2:40  Assimilator  
  30  2:49  Probe (Chrono Boost)  
  30  2:54  Shield Battery, Probe (Chrono Boost)  
  31  3:01  Stalker  
  31  3:03  Probe x2 (Chrono Boost)  
  35  3:09  Probe  
  35  3:11  Probe  
  37  3:15  Robotics Facility  
  37  3:21  Probe  
  37  3:23  Probe  
  39  3:31  Gateway  
  39  3:33  Probe  
  40  3:35  Probe  
  40  3:39  Shield Battery  
  41  3:43  Gateway  
  41  3:45  Probe  
  41  3:47  Probe  
  43  3:53  Sentry  
  45  3:58  Pylon  
  47  4:04  Immortal (Chrono Boost), Gateway  
  49  4:10  Shield Battery  
  49  4:13  Pylon  
  49  4:18  Stalker  
  51  4:26  Probe x2  
  51  4:33  Immortal (Chrono Boost)  
  51  4:35  Adept  
  57  4:39  Shield Battery, Adept  
  57  4:43  Adept  
  61  4:52  Shield Battery  
  57  5:01  Adept  
  57  5:02  Adept  
  57  5:03  Immortal (Chrono Boost)  
  63  5:14  Gateway  
  54  5:22  Adept  
  54  5:26  Pylon  
  54  5:27  Adept  
  58  5:30  Probe x2  
  59  5:38  Warp Prism (Chrono Boost)  
  61  5:47  Probe x2  
  63  5:51  Adept  
  63  5:56  Adept  
  67  5:59  Probe  
  67  6:00  Probe  
  69  6:08  Pylon  
  69  6:09  Observer  
  70  6:23  Probe  
  70  6:26  Probe  
  70  6:30  Adept x3  
  77  6:35  Probe  
  78  6:42  Forge  
  78  6:44  Twilight Council  
  78  6:45  Assimilator  
  78  6:48  Pylon x2  
  78  7:03  Pylon  
  78  7:06  Probe x2, Pylon  
  78  7:08  Zealot x2  
  82  7:09  Zealot  
  86  7:29  Adept, Immortal  
  86  7:30  Adept x2  
  82  7:49  Cybernetics Core, Pylon  
  82  7:57  Zealot x2  
  78  8:06  Zealot  
Tags
 
Add a new tag
Caveats
  • Supply blocks, unpowered buildings, or Contaminate may cause inaccurate times.
  • Supply counts are checked every 10 seconds.